 Dungeon Crawl Stone Soup version 0.26-a0-259-g1effd001a9 (webtiles) character file.

Game seed: 1212906732985845299

305 jt the Magician (level 6, 0/38 HPs)
             Began as an Octopode Hedge Wizard on July 18, 2020.
             Slain by Grinder (3 damage)
             ... while paralysed by Grinder
             ... on level 4 of the Dungeon.
             The game lasted 00:07:32 (3377 turns).

jt the Magician (Octopode Hedge Wizard)             Turns: 3377, Time: 00:07:33

Health: 0/38       AC:  2    Str: 11    XL:     6   Next: 39%
Magic:  1/12       EV:  2    Int: 17    God:
Gold:   144        SH:  0    Dex: 11    Spells: 8/13 levels left

rFire    . . .     SeeInvis .   a - +1 dagger (protect)
rCold    . . .     Faith    .   (no shield)
rNeg     . . .     Spirit   .   b - +1 hat
rPois    .         Reflect  .   (no amulet)
rElec    .         Harm     .   (no ring)
rCorr    .                      (no ring)
MR       .....                  (no ring)
Stlth    +++.......             (no ring)
HPRegen  0.12/turn              (no ring)
MPRegen  0.13/turn              (no ring)
                                (no ring)
                                (no ring)

@: paralysed, very slightly contaminated
A: almost no armour, stealthy swim, amphibious, 8 rings, constrict 8, camouflage
1, gelatinous body 1
a: no special abilities


You were on level 4 of the Dungeon.
You were not hungry.

You visited 1 branch of the dungeon, and saw 4 of its levels.

You collected 144 gold pieces.

Inventory:

Hand Weapons
 a - a +1 dagger of protection (weapon)
 j - a +0 dagger
 r - a +0 spear
 s - a +0 war axe
 w - a +0 long sword
Missiles
 c - 151 sling bullets
 e - 60 bolts
 i - 110 stones
 k - 65 arrows
 m - 4 datura-tipped darts
 x - a poisoned dart (quivered)
Armour
 b - a +1 hat (worn)
Jewellery
 o - an uncursed ring of ice
Scrolls
 h - 2 scrolls of identify
 l - a scroll of remove curse
 q - a scroll of amnesia
 u - a scroll of fog
Potions
 f - a potion of berserk rage {unknown}
 g - 2 potions of curing
 n - a potion of magic {unknown}
 p - a potion of degeneration {unknown}
 A - a potion of brilliance {unknown}
 B - a potion of lignification {unknown}
Comestibles
 d - 14 rations


   Skills:
 + Level 1.3 Fighting
 + Level 1.2 Short Blades
 + Level 2.5 Dodging
 - Level 2.6 Stealth
 + Level 4.3 Spellcasting
 + Level 3.5 Conjurations
 + Level 1.9 Summonings
 + Level 1.8 Translocations


You had 8 spell levels left.
You knew the following spells:

 Your Spells              Type           Power        Failure   Level
a - Magic Dart            Conj           ###.         3%          1
b - Blink                 Tloc           N/A          11%         2
c - Call Imp              Summ           ##......     11%         2

Your spell library contained the following spells:

 Spells                   Type           Power        Failure   Level
 Conjure Flame            Conj/Fire      #.......     22%         3
 Slow                     Hex            #.......     24%         2
 Sublimation of Blood     Necr           #.........   24%         2
 Mephitic Cloud           Conj/Pois/Air  #.......     28%         3
 Ignite Poison            Fire/Tmut/Pois #.......     43%         3
 Petrify                  Tmut/Erth      #.......     83%         4
 Irradiate                Conj/Tmut      #.........   91%         5
 Alistair's Intoxication  Tmut/Pois      #.......     99%         5
 Eringya's Noxious Bog    Tmut/Pois      #.........   100%        6


Dungeon Overview and Level Annotations

Branches:
Dungeon (4/15)
 Temple: D:4-7

Altars:

Annotations:
D:4 Grinder


Innate Abilities, Weirdness & Mutations

You cannot wear most types of armour.
You are very stealthy in the water. (Stealth+)
You are amphibious.
You can wear up to eight rings at the same time.
You can use your tentacles to constrict eight enemies at once.
Your skin changes colour to match your surroundings (Stealth+).
Your rubbery body absorbs attacks. (AC +1, EV +1)


Message History

Grinder gestures at you.
You suddenly lose the ability to move!
Grinder gestures at you. Pain shoots through your body!
* * * LOW HITPOINT WARNING * * *
Grinder gestures at you. You resist with significant effort.
You can move again.
Grinder blinks!
Grinder gestures at you.
You barely resist.
There is a stone staircase leading up here.
Grinder gestures at you.
You suddenly lose the ability to move!
Your crimson imp barely misses Grinder.
Your crimson imp blinks!
Grinder hits you.
* * * LOW HITPOINT WARNING * * *
You writhe in agony.
You die...

##...### **,,,*,,
##......# *,,,,,,*
#......### ***#*,<*,,**
*##...#..# ***..#*,,*,,,*
##.......#**,....*,,,,,,,
#.......##,,....#*,,,,,,,
##........###.....,,,,,,,,
#................#*,,***,,
###.....5@†.....#*******,,
#....5..†.......#***,,,,,
##...............,***,,,,
*#.........)......,,,,,,,,
#.........(.......,,**,,**
##..######........,,,,,,*,
#..,****##.......,,,,,,**
#.,,,**,*,.......*****,,,
#**,,*,,,,.....),** ***,


You could see Grinder and a friendly crimson imp (summoned).

Vanquished Creatures
  A bullfrog (D:3)
  A scorpion (D:4)
  A worker ant (D:4)
  A hound skeleton (D:4)
  A gnoll (D:2)
  3 adders (D:3)
  A worm (D:2)
  2 dart slugs (D:1)
  5 leopard geckos
  An orc (D:3)
  A ball python (D:1)
  2 giant cockroaches
  7 goblins
  7 hobgoblins
  A quokka (D:3)
  8 bats
  3 frilled lizards
  A jackal skeleton (D:4)
  12 kobolds
  5 rats
64 creatures vanquished.

Vanquished Creatures (collateral kills)
  An ogre (D:4)
1 creature vanquished.

Grand Total: 65 creatures vanquished

Notes
Turn   | Place    | Note
-------+----------+-------------------------------------------
     0 | D:1      | jt the Octopode Hedge Wizard began the quest for the Orb.
     0 | D:1      | Reached XP level 1. HP: 11/11 MP: 4/4
   126 | D:1      | Reached XP level 2. HP: 16/17 MP: 3/6
   702 | D:1      | Reached XP level 3. HP: 21/21 MP: 7/7
  1136 | D:2      | Learned a level 2 spell: Blink
  1139 | D:2      | Learned a level 2 spell: Call Imp
  1890 | D:2      | Reached XP level 4. HP: 21/27 MP: 7/9
  2508 | D:3      | Reached skill level 4 in Spellcasting
  2923 | D:3      | Noticed a bullfrog
  2928 | D:3      | Killed a bullfrog
  2928 | D:3      | Reached XP level 5. HP: 20/32 MP: 11/11
  3299 | D:4      | Reached skill level 1 in Fighting
  3338 | D:4      | Reached skill level 1 in Short Blades
  3338 | D:4      | Reached XP level 6. HP: 38/38 MP: 10/12
  3348 | D:4      | Noticed Grinder
  3369 | D:4      | Paralysed by Grinder for 3 turns
  3374 | D:4      | Paralysed by Grinder for 4 turns
  3377 | D:4      | Slain by Grinder

Illustrated notes

Levels and vault maps discovered:
D:1:      eino_arrival_cavern_c, layout_loops_ring, st_stairs_1
D:2:      layout_basic
D:3:      layout_loops_ring, ebering_dispersal_statue_hall
D:4:      layout_cave_pools, first_ration, hangedman_abyss_or_decor_stagger,
          uniq_grinder, uniq_robin

Skill      XL: |  1  2  3  4  5 |
---------------+----------------+-----
Conjurations   | 2 3 |  3.5
Spellcasting   | 4 |  4.3
Fighting       | 1 |  1.3
Short Blades   | 1 |  1.2
Dodging        | |  2.5
Stealth        | |  2.6
Summonings     | |  1.9
Translocations | |  1.8

Action                   |  1- 3 |  4- 6 || total
-------------------------+-------+-------++-------
Melee: Dagger            |    68 |    56 ||   124
       Constrict         |    16 |    16 ||    32
       Tentacles         |    16 |    10 ||    26
Throw: Dart              |       |     2 ||     2
 Cast: Magic Dart        |    27 |    22 ||    49
       Call Imp          |       |     4 ||     4
       Blink             |       |     1 ||     1
  Use: Scroll            |       |     8 ||     8
 Stab: Sleeping          |     8 |     6 ||    14
  Eat: Ration            |     1 |     1 ||     2
Armor: Skin              |     9 |    11 ||    20
Dodge: Dodged            |    38 |    38 ||    76

Table legend:
 A = Non-vault XP
 B = Vault XP
 C = Vault XP percentage of total XP
 D = Non-vault monster count
 E = Vault monster count
 F = Vault count percentage of total count
                 A         B        C        D         E       F
            +---------+---------+-------+---------+---------+-------
      Total |     433 |       4 |   0.9 |      63 |       2 |   3.1
            +---------+---------+-------+---------+---------+-------
        D:1 |      35 |       4 |  10.3 |      17 |       2 |  10.5
        D:2 |      53 |       0 |   0.0 |      23 |       0 |   0.0
        D:3 |     164 |       0 |   0.0 |      17 |       0 |   0.0
        D:4 |     181 |       0 |   0.0 |       6 |       0 |   0.0
            +---------+---------+-------+---------+---------+-------
